Build Orders - Match 34450334 - cohdb - Company of Heroes 3 Replays
cohdb
Replays
Latest Replays
All Replays
Popular Replays
Top Player Replays
Match Explorer
How It Works
Community
CoH3 Stats
Reddit
Sign in to upload your games and track your stats! →
Sign in with Steam
Match 34450334
Unlisted
Match 34450334
Overview
Messages
Build Orders
End
Construct Section Command Post
Infantry Section
Infantry Section
Dingo Light Scout Car
Construct Platoon Command Post
Humber Armored Car
Selects Heavy Armor Battlegroup
Selects Rigorous Vehicle Training
Vickers Machine Gun Team
Construct Company Command Post
Selects Crusader AA Medium Tank
Foot Guards Section
Foot Guards Section
Infantry Training
Selects UNKNOWN (2162094)
Churchill IV Heavy Tank
Selects Light Vehicle Withdraw and Refit
Selects Radio Net
CMP 15cwt Truck
Armored Vehicle Training
Crusader AA Medium Tank
Selects Recon Artillery
Recon Artillery
Radio Net
Crusader AA Medium Tank
Recon Artillery
Unlock M3 Grant Medium Tanks
Recon Artillery
M3 Grant Medium Tank
Beregonds
MarkoT
shift666
RyuJou
SAMIE T
aotuman
0
0
Comments
sign in to comment!
No comments posted yet!